 Dungeon Crawl Stone Soup version 0.29.0-4-gdea44cf6ec (webtiles) character file.

Game seed: 1898070192346396770

158 tbh1313 the Cutter (level 5, -6/24 HPs)
             Began as a Spriggan Enchanter on Aug 27, 2022.
             Killed by divine providence
             ... invoked by an orc priest
              (16 damage)
             ... on level 4 of the Dungeon.
             The game lasted 00:05:42 (3384 turns).

tbh1313 the Cutter (Spriggan Enchanter)             Turns: 3384, Time: 00:05:42

Health: -6/24      AC:  4    Str:  4    XL:     5   Next: 16%
Magic:  10/10      EV: 18    Int: 17    God:
Gold:   366        SH:  0    Dex: 17    Spells: 4/9 levels left

rFire   . . .      SeeInvis +   f - +1 dagger (elec)
rCold   . . .      Faith    .   (no shield)
rNeg    . . .      Spirit   .   b - +2 robe
rPois   .          Reflect  .   (helmet restricted)
rElec   .          Harm     .   (no cloak)
rCorr   .          Rampage  .   (gloves unavailable)
Will    .....                   (boots unavailable)
Stlth   +++.......              (no amulet)
HPRegen 0.08/turn               (no ring)
MPRegen 0.12/turn               (no ring)

@: invisible, very quick
A: very small, no large weapons, unfitting armour, see invisible, speed 3
a: no special abilities


You were on level 4 of the Dungeon.
You visited 1 branch of the dungeon, and saw 4 of its levels.

You collected 366 gold pieces.

Inventory:

Hand Weapons
 f - a +1 dagger of electrocution (weapon)
Armour
 b - a +2 robe (worn)
Magical Staves
 h - a staff of conjuration
Jewellery
 n - an amulet of magic regeneration
Wands
 l - a wand of mindburst (6)
Scrolls
 d - 5 scrolls of identify
 j - a scroll of immolation
 k - a scroll of magic mapping {unknown}
Potions
 a - 2 potions of curing {unknown}
 e - 2 potions of flight {unknown}
 g - a potion of lignification {unknown}
 i - 2 potions of might {unknown}
 m - 2 potions of cancellation {unknown}


   Skills:
 + Level 5.0 Short Blades
 + Level 3.3 Dodging
 - Level 4.6 Stealth
 - Level 2.9 Spellcasting
 - Level 3.8 Hexes


You had 4 spell levels left.
You knew the following spells:

 Your Spells              Type           Power      Damage    Failure   Level
a - Ensorcelled Hibernat  Hex/Ice        16%        N/A       12%         2
b - Confusing Touch       Hex            15%        N/A       11%         3

Your spell library contained the following spells:

 Spells                   Type           Power      Damage    Failure   Level
 Tukima's Dance           Hex            15%        N/A       11%         3
 Summon Small Mammal      Summ           8%         N/A       19%         1
 Dazzling Flash           Conj/Hex       16%        N/A       24%         3
 Summon Guardian Golem    Hex/Summ       8%         N/A       24%         3
 Call Canine Familiar     Summ           2%         N/A       47%         3


Dungeon Overview and Level Annotations

Branches:
Dungeon (4/15)
 Temple: D:4-7

Altars:

Shops:
D:2 *


Innate Abilities, Weirdness & Mutations

You are very small and have problems with some larger weapons.
You are too small for most types of armour.
You have supernaturally acute eyesight. (SInv)
You cover ground extremely quickly. (Speed+++)


Message History

You now have 366 gold pieces (gained 6).
n - an amulet of magic regeneration
d - 5 scrolls of identify (gained 1)
An orc priest comes into view. It is wielding a +0 hand axe.
An ogre and an orc come into view.
The ogre shouts!
The orc priest looks satisfied for a moment.
The orc shouts!
You hear a shout!
The orc priest calls down the wrath of Beogh upon you.
Beogh smites you!
Okay, then.
You fade into invisibility!
The orc priest closely misses you.
You catch the helpless orc priest completely off-guard!
You puncture the orc priest!
Lightning courses through the orc priest!
You kill the orc priest!
The orc completely misses you.
Your Short Blades skill increases to level 5!
You have reached level 5!
You feel clever.
You closely miss the orc.
An orc priest comes into view. It is wielding a +0 short sword.
The orc drinks a potion.
The orc goes berserk!
The orc priest shouts!
You hit the orc but do no damage. The orc hits you with a +0 short sword.
You hit the orc.
The orc is lightly wounded.
A hobgoblin comes into view.
The orc misses you.
You catch the helpless orc completely off-guard!
You impale the orc!!
You kill the orc!
An endoplasm comes into view.
The endoplasm quivers.
The orc priest calls down the wrath of Beogh upon you.
Beogh smites you!
Ouch! That really hurt!
You die...

.....#.......♣
#....o.....♣ #...#.....♣
#...).....# #...).....##
.......#O....###########
####...#...............#
...........####......#
......J#####.@#
#......#####. .......
##..##............
.......
##.....##........
....... #####.##........
#.# #..########.
..######..##
...........# ###
....####.#.## #.. .
#.#..# #..


You could see an ogre (wandering, unable to see you) and an orc priest (unable
to see you).

Vanquished Creatures
  An orc priest (D:4)
  Jessica (D:2)
  3 adders
  A worm (D:2)
  4 dart slugs
  2 orcs
  6 endoplasms
  4 giant cockroaches
  8 hobgoblins
  6 kobolds
  8 ball pythons
  6 bats
  4 frilled lizards
  6 goblins
  7 rats
67 creatures vanquished.

Notes
Turn   | Place    | Note
-------+----------+-------------------------------------------
     0 | D:1      | tbh1313 the Spriggan Enchanter began the quest for the Orb.
     0 | D:1      | Reached XP level 1. HP: 9/9 MP: 5/5
   391 | D:1      | Found a faded altar of an unknown god.
   506 | D:1      | Reached XP level 2. HP: 12/13 MP: 6/6
   746 | D:1      | Reached skill level 2 in Short Blades
  1288 | D:2      | Found Vahedimm's General Store.
  1300 | D:2      | Learned a level 2 spell: Ensorcelled Hibernation
  1325 | D:2      | Reached XP level 3. HP: 16/16 MP: 8/8
  1443 | D:2      | Reached skill level 3 in Short Blades
  2098 | D:2      | Noticed Jessica
  2110 | D:2      | Killed Jessica
  2111 | D:2      | Reached skill level 4 in Short Blades
  2111 | D:2      | Reached XP level 4. HP: 13/21 MP: 9/9
  3031 | D:3      | Learned a level 3 spell: Confusing Touch
  3370 | D:4      | Noticed an ogre
  3375 | D:4      | Reached skill level 5 in Short Blades
  3375 | D:4      | Reached XP level 5. HP: 13/24 MP: 10/10
  3384 | D:4      | Killed from afar by an orc priest

Illustrated notes

Levels and vault maps discovered:
D:1:      dpeg_arrival_rooms_c, layout_basic, shapermc_ecumenical_altar_ellora
D:2:      layout_loops_ring, serial_shops, shop_fountains, uniq_jessica
D:3:      layout_basic, kennysheep_decorative_pillar, hex_intersection,
          minmay_misc_feat_square, kennysheep_crisscross
D:4:      cheibrodos_barr_body, layout_basic, elyvilon_altar_3, serial_shops,
          nicolae_shop_competitors_out_of_business, columned_hall_lemuel

Skill      XL: |  1  2  3  4 |
---------------+-------------+-----
Short Blades   | 2 4 5 |  5.0
Dodging        | 3 |  3.3
Stealth        | |  4.6
Spellcasting   | |  2.9
Hexes          | |  3.8

Action                   |  1- 3 |  4- 6 || total
-------------------------+-------+-------++-------
Melee: Dagger            |   138 |    59 ||   197
  Use: Scroll            |     1 |     6 ||     7
       Potion            |     2 |     1 ||     3
 Stab: Sleeping          |     8 |    10 ||    18
       Invisible         |     1 |     2 ||     3
       Distracted        |     1 |     1 ||     2
Armor: Robe              |    16 |     3 ||    19
Dodge: Dodged            |    98 |    27 ||   125
